 Dungeon Crawl Stone Soup version 0.28-a0-233-gb8ca4b6547 (webtiles) character file.

Game seed: 914178620068381552

121 Archison the Conjurer (level 4, -2/21 HPs)
             Began as a Spriggan Conjurer on Aug 22, 2021.
             Killed by divine providence
             ... invoked by an orc priest
              (12 damage)
             ... on level 3 of the Dungeon.
             The game lasted 00:10:05 (3325 turns).

Archison the Conjurer (Spriggan Conjurer)           Turns: 3325, Time: 00:10:06

Health: -2/21      AC:  2    Str:  3    XL:     4   Next: 77%
Magic:  3/10       EV: 17    Int: 20    God:
Gold:   59         SH:  0    Dex: 13    Spells: 9/10 levels left

rFire   . . .      SeeInvis +   h - +0 dagger
rCold   . . .      Faith    +   (shield restricted)
rNeg    . . .      Spirit   .   a - +0 robe
rPois   .          Reflect  .   (helmet restricted)
rElec   .          Harm     .   (no cloak)
rCorr   .          Rampage  .   (gloves unavailable)
Will    .....                   (boots unavailable)
Stlth   ++........              e - amulet of faith
HPRegen 0.07/turn               l - ring of flight
MPRegen 0.12/turn               (no ring)

@: flying, very quick
A: very small, no large weapons, unfitting armour, see invisible, speed 3
a: no special abilities


You were on level 3 of the Dungeon.
You visited 1 branch of the dungeon, and saw 3 of its levels.

You collected 59 gold pieces.

Inventory:

Hand Weapons
 h - a +0 dagger (weapon)
Missiles
 j - 51 arrows
 k - 77 stones (quivered)
Armour
 a - a +0 robe (worn)
Jewellery
 e - an amulet of faith (around neck)
 l - a ring of flight (left hand)
Scrolls
 b - 4 scrolls of identify {unknown}
 c - 2 scrolls of magic mapping {unknown}
 d - a scroll of enchant armour {unknown}
 f - 2 scrolls of teleportation {unknown}
 g - a scroll of summoning {unknown}
 i - a scroll of vulnerability {unknown}
 m - a scroll of fear {unknown}


   Skills:
 + Level 0.4 Short Blades
 + Level 3.5 Dodging
 + Level 3.3 Stealth
 * Level 3.7 Spellcasting
 * Level 4.0 Conjurations


You had 9 spell levels left.
You knew the following spells:

 Your Spells              Type           Power      Damage    Failure   Level
a - Magic Dart            Conj           76%        1d6       2%          1

Your spell library contained the following spells:

 Spells                   Type           Power      Damage    Failure   Level
 Searing Ray              Conj           38%        3d4       3%          2
 Dazzling Flash           Conj/Hex       22%        N/A       17%         3
 Fulminant Prism          Conj/Hex       5%         3d7       50%         4
 Iskenderun's Mystic Bla  Conj/Tloc      11%        2d4       50%         4


Dungeon Overview and Level Annotations

Branches:
Dungeon (3/15)

Altars:
Makhleb

Annotations:
D:2 Terence


Innate Abilities, Weirdness & Mutations

You are very small and have problems with some larger weapons.
You are too small for most types of armour.
You have supernaturally acute eyesight. (SInv)
You cover ground extremely quickly. (Speed+++)


Message History

The magic dart hits Terence but does no damage.
Terence is lightly wounded.
Casting: Magic Dart (safe; 2% risk of failure)
Confirm with . or Enter, or press ? or * to list all spells.
Aiming: Magic Dart (safe; 2% risk of failure)
Press: ? - help, Shift-Dir - straight line, f/p - Terence
Aim: Terence, wielding a +0 flail and wearing a +0 ring mail (lightly wounded, 100% to hit)
The magic dart hits Terence but does no damage.
Terence is lightly wounded.
Casting: Magic Dart (safe; 2% risk of failure)
Confirm with . or Enter, or press ? or * to list all spells.
Aiming: Magic Dart (safe; 2% risk of failure)
Press: ? - help, Shift-Dir - straight line, f/p - Terence
Aim: Terence, wielding a +0 flail and wearing a +0 ring mail (lightly wounded, 100% to hit)
The magic dart hits Terence.
Terence is lightly wounded.
Casting: Magic Dart (safe; 2% risk of failure)
Confirm with . or Enter, or press ? or * to list all spells.
Aiming: Magic Dart (safe; 2% risk of failure)
Press: ? - help, Shift-Dir - straight line, f/p - Terence
Aim: Terence, wielding a +0 flail and wearing a +0 ring mail (lightly wounded, 100% to hit)
The magic dart hits Terence.
Terence is moderately wounded.
There is a stone staircase leading down here.
You fly downwards.
The orc priest invokes the aid of Beogh against you.
Beogh smites you!
Ouch! That really hurt!
There is a stone staircase leading up here.
Casting: Magic Dart (safe; 2% risk of failure)
Confirm with . or Enter, or press ? or * to list all spells.
Aiming: Magic Dart (safe; 2% risk of failure)
Press: ? - help, Shift-Dir - straight line, f - orc priest
Aim: an orc priest, wielding a +0 flail (100% to hit)
The magic dart hits the orc priest.
The orc priest is moderately wounded.
The orc priest mumbles some strange prayers to Beogh against you.
Beogh smites you!
Ouch! That really hurt!
You die...

.###.# #.##.......
...()# #.# .....#
.##.(# #.# ....# #
###..###.####...##.#
.......#.#.......#.#
.........#.........#
###..(........(..#
#)##.###.......#
#.##)###......@#
#..))..#.o............
####.#...........#####
#.######(.##### #..#
#...# ##.# #>#.# #.#
#.#.# #.# #. #.#


You could see an orc priest.

Vanquished Creatures
  An orc wizard (D:3)
  A gnoll (D:1)
  3 adders
  2 worms (D:2)
  A dart slug (D:1)
  4 orcs
  4 ball pythons
  A bat (D:1)
  3 endoplasms
  A giant cockroach (D:2)
  5 goblins
  7 hobgoblins
  2 quokkas
  2 frilled lizards (D:2)
  4 kobolds
  4 rats (D:1)
45 creatures vanquished.

Notes
Turn   | Place    | Note
-------+----------+-------------------------------------------
     0 | D:1      | Archison the Spriggan Conjurer began the quest for the Orb.
     0 | D:1      | Reached XP level 1. HP: 9/9 MP: 5/5
    38 | D:1      | Reached skill level 3 in Conjurations
    85 | D:1      | Found a faded altar of an unknown god.
   326 | D:1      | Reached XP level 2. HP: 13/13 MP: 3/6
   887 | D:1      | Reached XP level 3. HP: 16/16 MP: 4/8
  1879 | D:2      | Noticed Terence
  2024 | D:2      | Reached XP level 4. HP: 8/21 MP: 2/9
  2540 | D:2      | Found a burning altar of Makhleb.
  3137 | D:2      | Reached skill level 4 in Conjurations
  3325 | D:3      | Killed from afar by an orc priest

Illustrated notes

Levels and vault maps discovered:
D:1:      amcnicky_arrival_choice, layout_loops_cross,
          ebering_ecumenical_altar_rust
D:2:      layout_basic, basic_altar, uniq_terence
D:3:      layout_loops_ring

Skill      XL: |  1  2  3  4 |
---------------+-------------+-----
Conjurations   | 3 4 |  4.0
Spellcasting   | 3 |  3.7
Dodging        | 3 |  3.5
Short Blades   | |  0.4
Stealth        | |  3.3

Action                   |  1- 3 |  4- 6 || total
-------------------------+-------+-------++-------
Melee: Dagger            |    19 |     5 ||    24
Throw: Stone             |       |     5 ||     5
 Cast: Magic Dart        |    76 |    54 ||   130
 Stab: Sleeping          |     1 |       ||     1
Armor: Robe              |     1 |       ||     1
Dodge: Dodged            |    17 |    21 ||    38

Table legend: (Time is in decaauts)
 A = Elapsed time spent in this place.
 B = Non-inter-level travel time spent in this place.
 C = Inter-level travel time spent in this place.
 D = Time resting spent in this place.
 E = Time spent auto-exploring this place.
 F = Levels seen in this place.
 G = Mean time per level.
                   A        B        C        D        E       F      G
               +--------+--------+--------+--------+--------+-----+--------+
         Total |   2651 |   2636 |     15 |   1005 |   1159 |   3 |  883.7 |
       Dungeon |   2651 |   2636 |     15 |   1005 |   1159 |   3 |  883.7 |
               +--------+--------+--------+--------+--------+-----+--------+

Top non-repeatable levels by time:
     D:2: 1382 daAuts
     D:1: 878 daAuts
     D:3: 390 daAuts
